 Dungeon Crawl Stone Soup version 0.31-a0-188-g5e087ee2ca (webtiles) character file.

Game seed: 17540005451239162764

299 qw the Skirmisher (level 6, -4/35 HPs)
             Began as a Deep Elf Hunter on June 23, 2023.
             Slain by a black bear (6 damage)
             ... on level 4 of the Dungeon.
             The game lasted 00:00:52 (2612 turns).

qw the Skirmisher (Deep Elf Hunter)                 Turns: 2612, Time: 00:00:53

Health: -4/35      AC:  5    Str: 10    XL:     6   Next: 13%
Magic:  8/8        EV: 16    Int: 14    God:
Gold:   112        SH:  0    Dex: 18    Spells: 5/5 levels left

rFire   + . .        Y - +0 shortbow
rCold   . . .        (shield currently unavailable)
rNeg    . . .        e - +0 ring mail
rPois   .            (no helmet)
rElec   .            (no cloak)
rCorr   .            (no gloves)
SInv    .            (no boots)
Will    .....        (no amulet)
Stlth   +            f - +5 ring of evasion
HPRegen 0.25/turn    b - ring of protection from fire
MPRegen 0.11/turn

%: no passive effects
@: no status effects
A: no striking features
a: no special abilities


You were on level 4 of the Dungeon.
You visited 1 branch of the dungeon, and saw 4 of its levels.

You collected 112 gold pieces.


   Skills:
 - Level 2.2 Fighting
 + Level 9.4 Ranged Weapons
 - Level 2.4 Dodging
 - Level 1.2 Stealth


You had 5 spell levels left.
You didn't know any spells.
Your spell library was empty.

Inventory:

Hand Weapons
 Y - a +0 shortbow (weapon)
Armour
 e - a +0 ring mail (worn)
Jewellery
 b - a ring of protection from fire (right hand)
 f - a +5 ring of evasion (left hand)
Scrolls
 a - a scroll of identify
Potions
 c - a potion of haste

Dungeon Overview and Level Annotations

Branches:
Dungeon (4/15)
 Temple: D:4-7

Altars:
Xom

Annotations:
D:3 2 transporters, qw's ghost, amateur DEHu


Message History

The black bear claws you but does no damage.
The black bear barely misses you.
The ball python bites you but does no damage.
The ball python misses you.
You shoot an arrow. The arrow hits the black bear!
The black bear is moderately wounded.
The black bear barely misses you. The black bear claws you.
The black bear claws you but does no damage.
The ball python bites you but does no damage.
The ball python grabs you. The ball python constricts you.
The black bear misses you. The black bear closely misses you.
The black bear claws you but does no damage.
You shoot an arrow.
The arrow barely misses the ball python.
The ball python completely misses you. The ball python constricts you.
The black bear bites you. The black bear misses you.
The black bear barely misses you.
The ball python bites you but does no damage.
The ball python constricts you.
You shoot an arrow. The arrow hits the ball python.
You kill the ball python!
The black bear bites you but does no damage.
The black bear misses you. The black bear closely misses you.
You shoot an arrow. The arrow barely misses the black bear.
The black bear barely misses you. The black bear claws you.
The black bear misses you.
You shoot an arrow.
The arrow completely misses the black bear.
The black bear bites you but does no damage.
The black bear misses you.
The black bear claws you but does no damage.
You shoot an arrow. The arrow hits the black bear.
The black bear is heavily wounded.
The black bear bites you.
The black bear claws you but does no damage.
The black bear barely misses you.
You shoot an arrow. The arrow hits the black bear.
The black bear is heavily wounded.
The black bear bites you.
You die...

..........#
..........### .
..........##..
............. .
#..#.>.#.... ...
##..#.......#
.....#......#
#.$...%h.<#
....$.)..@.#...#
.........####.##
........## ##
.........
......$..
......#.#
......#.# ...


You could see a black bear.

Vanquished Creatures
  Menkaure (D:4)
  A scorpion (D:3)
  2 hounds
  2 adders
  2 dart slugs
  4 orcs (D:3)
  2 ball pythons
  6 bats
  4 endoplasms
  2 giant cockroaches
  6 goblins
  4 hobgoblins
  6 kobolds
  2 quokkas
  2 frilled lizards
  6 rats
52 creatures vanquished.

Notes
Turn   | Place    | Note
-------+----------+-------------------------------------------
     0 | D:1      | qw the Deep Elf Hunter began the quest for the Orb.
     0 | D:1      | Reached XP level 1. HP: 12/12 MP: 3/3
     0 | D:1      | 0 ||| qw: Version: 0.3-a-9-g12657ce
     0 | D:1      | 0 ||| qw: Game counter: 4378
     0 | D:1      | 0 ||| qw: Always use a shield: true
     0 | D:1      | 0 ||| qw: God list: Okawaru
     0 | D:1      | 0 ||| qw: Allow faded altars: false
     0 | D:1      | 0 ||| qw: Do Orc after D:15 true
     0 | D:1      | 0 ||| qw: Do second Lair branch before Depths: true
     0 | D:1      | 0 ||| qw: Lair rune preference: random
     0 | D:1      | 0 ||| qw: Plans: Normal
     0 | D:1      | 0 ||| PLANNING D:1-11
   152 | D:1      | Reached skill level 6 in Ranged Weapons
   152 | D:1      | Reached XP level 2. HP: 16/16 MP: 4/4
  1019 | D:1      | 1019 ||| UPGRADING to +0 ring mail.
  1030 | D:1      | 1030 ||| DROPPING +0 leather armour.
  1031 | D:1      | 1031 ||| UPGRADING to +5 ring of evasion.
  1032 | D:1      | 1032 ||| READING 3 scrolls labelled UNUXKI ATRYCW.
  1033 | D:1      | 1033 ||| READING scroll labelled WALIPY BE UCVY.
  1036 | D:1      | 1036 ||| READING scroll labelled ZUGUEJE KYLUWNU.
  1037 | D:1      | 1037 ||| READING 2 scrolls of identify.
  1037 | D:1      | 1037 ||| IDENTIFYING viscous silvery potion
  1038 | D:1      | 1038 ||| DROPPING scroll of butterflies.
  1039 | D:1      | 1039 ||| DROPPING potion of magic.
  1316 | D:2      | Reached XP level 3. HP: 20/20 MP: 5/5
  1365 | D:2      | Identified the +5 mace "Jixkosch" {drain, Drain rElec
                  | Int+10}
  1408 | D:2      | Reached skill level 7 in Ranged Weapons
  1488 | D:2      | Found a shimmering altar of Xom.
  1915 | D:2      | 1915 ||| UPGRADING to ring of protection from fire.
  1916 | D:2      | 1916 ||| READING scroll labelled BAMOOW NIUT.
  1917 | D:2      | 1917 ||| READING 3 scrolls of identify.
  1917 | D:2      | 1917 ||| IDENTIFYING sedimented purple potion
  1918 | D:2      | 1918 ||| DROPPING potion of invisibility.
  1993 | D:3      | Found a transporter.
  1993 | D:3      | Noticed qw's ghost (amateur DEHu)
  2002 | D:3      | Reached XP level 4. HP: 25/25 MP: 6/6
  2005 | D:3      | Found a transporter.
  2191 | D:3      | 2191 ||| Stepping ~*~*~tactically~*~*~ (outnumbered).
  2195 | D:3      | 2195 ||| FLEEEEING.
  2201 | D:3      | Reached skill level 8 in Ranged Weapons
  2202 | D:3      | 2202 ||| STAIRDANCE
  2225 | D:2      | 2225 ||| READING 2 scrolls of identify.
  2225 | D:2      | 2225 ||| IDENTIFYING fizzy puce potion
  2362 | D:3      | 2362 ||| READING scroll labelled LIPNA XANLE.
  2363 | D:3      | 2363 ||| READING 2 scrolls of identify.
  2363 | D:3      | 2363 ||| IDENTIFYING bubbling emerald potion
  2365 | D:3      | 2365 ||| Stepping ~*~*~tactically~*~*~ (cloud).
  2368 | D:3      | HP: 6/25 [poisoned by you (poison gas)]
  2373 | D:3      | HP: 2/25 [poisoned by you (poison gas)]
  2495 | D:4      | Noticed Menkaure
  2500 | D:4      | Killed Menkaure
  2501 | D:4      | Reached skill level 9 in Ranged Weapons
  2501 | D:4      | Reached XP level 5. HP: 17/29 MP: 7/7
  2503 | D:4      | 2503 ||| FLEEEEING.
  2504 | D:4      | 2504 ||| FLEEEEING.
  2505 | D:4      | 2505 ||| FLEEEEING.
  2506 | D:4      | 2506 ||| FLEEEEING.
  2507 | D:4      | 2507 ||| STAIRDANCE
  2553 | D:4      | 2553 ||| STAIRDANCE
  2561 | D:3      | HP: 4/29 [scorpion (6)]
  2562 | D:3      | 2562 ||| DRINKING potion of heal wounds.
  2570 | D:3      | Reached XP level 6. HP: 30/35 MP: 8/8
  2607 | D:4      | HP: 8/35 [black bear (4)]
  2611 | D:4      | HP: 2/35 [black bear (5)]
  2612 | D:4      | Slain by a black bear

Levels and vault maps discovered:
D:1:      dpeg_arrival_morbid_curiosity, layout_loops_corners,
          serial_bayou_lagoon_a, chequers_serial_rivers_micro_c,
          roderic_three_in_a_row
D:2:      layout_basic, basic_altar
D:3:      layout_rooms, gammafunk_ghost_arena
D:4:      layout_cave_pools, uniq_menkaure

Skill      XL: |  1  2  3  4  5 |
---------------+----------------+-----
Ranged Weapons | 6 7 9 |  9.4
Fighting       | 2 |  2.2
Dodging        | |  2.4
Stealth        | |  1.2

Action                     |  1- 3 |  4- 6 || total
---------------------------+-------+-------++-------
   Fire: Shortbow          |    98 |    60 ||   158
    Use: Scroll            |     6 |     3 ||     9
         Potion            |       |     1 ||     1
 Armour: Leather armour    |     2 |       ||     2
         Ring mail         |     7 |    20 ||    27
  Dodge: Dodged            |    27 |    54 ||    81

Table legend:
 A = Non-vault XP
 B = Vault XP
 C = Vault XP percentage of total XP
 D = Non-vault monster count
 E = Vault monster count
 F = Vault count percentage of total count
                 A         B        C        D         E       F
            +---------+---------+-------+---------+---------+-------
      Total |     251 |     177 |  41.4 |      46 |       6 |  11.5
            +---------+---------+-------+---------+---------+-------
        D:1 |      22 |       8 |  26.7 |      12 |       5 |  29.4
        D:2 |      43 |       0 |   0.0 |      18 |       0 |   0.0
        D:3 |     139 |       0 |   0.0 |      12 |       0 |   0.0
        D:4 |      47 |     169 |  78.2 |       4 |       1 |  20.0
            +---------+---------+-------+---------+---------+-------
